 Dungeon Crawl Stone Soup version 0.28.0-53-g5a82cb258f (webtiles) character file.

Game seed: 16755852903024417868

18342 issech the Basher (level 12, -18/99 HPs)
             Began as a Minotaur Monk on May 25, 2022.
             Was an Elder of Hepliaklqana.
             Demolished by Donald
             ... wielding a +5 long sword of flaming
              (31 damage)
             ... on level 1 of the Orcish Mines.
             The game lasted 00:54:45 (14010 turns).

issech the Basher (Minotaur Monk)                  Turns: 14010, Time: 00:54:45

Health: -18/99     AC: 23    Str: 20 (21) XL:     12   Next: 26%
Magic:  11/11      EV:  9    Int:  5 (7)  God:    Hepliaklqana [****..]
Gold:   1386       SH:  0    Dex: 19      Spells: 11/11 levels left

rFire   . . .      SeeInvis .   R - +6 flail (protect)
rCold   . . .      Faith    .   (no shield)
rNeg    . . .      Spirit   .   k - +1 plate armour
rPois   .          Reflect  .   (helmet restricted)
rElec   .          Harm     .   M - +0 cloak
rCorr   .          Rampage  .   w - +2 pair of gloves
Will    .....                   H - +0 pair of boots
Stlth   ..........              y - amulet of regeneration
HPRegen 1.06/turn               e - +6 ring of strength
MPRegen 0.12/turn               z - ring of flight

@: flying, invisible
A: reduced essence, horns 2, retaliatory headbutt
a: Renounce Religion, Recall Ancestor, Ancestor Identity, Transference, Idealise


You were on level 1 of the Orcish Mines.
You worshipped Hepliaklqana.
Hepliaklqana was greatly pleased with you.
You visited 3 branches of the dungeon, and saw 16 of its levels.

You collected 1386 gold pieces.

Inventory:

Hand Weapons
 E - a +0 hand crossbow
 G - a +3 flail of holy wrath
 L - a +4 quarterstaff of chaos
 P - a +0 shortbow
 R - a +6 flail of protection (weapon)
 S - a +1 vorpal war axe
 Y - a +0 hunting sling
Missiles
 a - 5 datura-tipped darts
 b - 43 sling bullets
 x - 17 poisoned darts
 A - 246 stones
 F - 139 bolts
 I - 2 curare-tipped darts
 N - 139 arrows
 W - a throwing net
 Z - 6 boomerangs (quivered)
Armour
 j - the +1 leather armour of Farph {rC++ Str-2 Dex+3}
   (You found it on level 10 of the Dungeon)

   Str:       It affects your strength (-2).
   Dex:       It affects your dexterity (+3).
   rC:        It greatly protects you from cold.
 k - a +1 plate armour (worn)
 r - a +1 robe of willpower
 u - a +2 robe of positive energy
 w - a +2 pair of gloves (worn)
 B - a +0 troll leather armour
 H - a +0 pair of boots (worn)
 M - a +0 cloak (worn)
Jewellery
 e - a +6 ring of strength (left hand)
 p - a ring of wizardry
 y - an amulet of regeneration (around neck)
 z - a ring of flight (right hand)
 V - a ring of positive energy
Wands
 q - a wand of paralysis (15)
 v - a wand of iceblast (5)
 Q - a wand of flame (8)
Scrolls
 h - 2 scrolls of blinking
 l - a scroll of enchant weapon
 m - 4 scrolls of teleportation
 o - 2 scrolls of brand weapon
 t - 2 scrolls of fear
 C - 3 scrolls of summoning
 D - a scroll of fog
Potions
 c - 2 potions of invisibility
 d - 2 potions of attraction {unknown}
 f - 4 potions of heal wounds
 g - a potion of ambrosia
 i - 3 potions of mutation {unknown}
 n - 4 potions of curing {unknown}
 s - 3 potions of brilliance {unknown}
 K - 3 potions of lignification {unknown}
 O - 5 potions of might {unknown}
 X - 2 potions of flight {unknown}
Miscellaneous
 T - a piece from Xom's chessboard (15/15)
 U - a condenser vane


   Skills:
 + Level 11.1 Fighting
 + Level 5.5(10.9) Axes
 + Level 14.4(14.8) Maces & Flails
 + Level 5.7 Throwing
 + Level 12.9 Armour
 + Level 4.9 Dodging
 + Level 3.5 Stealth


You had 11 spell levels left.
You didn't know any spells.
Your spell library contained the following spells:

 Spells                   Type           Power      Damage    Failure   Level
 Shock                    Conj/Air       0%         1d3       100%        1
 Blink                    Tloc           0%         N/A       100%        2
 Ensorcelled Hibernation  Hex/Ice        0%         N/A       100%        2
 Passwall                 Tmut/Erth      0%         N/A       100%        2
 Dazzling Flash           Conj/Hex       0%         N/A       100%        3
 Lesser Beckoning         Tloc           0%         N/A       100%        3
 Ozocubu's Armour         Ice            0%         N/A       100%        3
 Portal Projectile        Hex/Tloc       0%         N/A       100%        3
 Spider Form              Tmut/Pois      0%         N/A       100%        3
 Swiftness                Air            0%         N/A       100%        3
 Airstrike                Air            0%         N/A       100%        4
 Anguish                  Hex/Necr       0%         N/A       100%        4
 Iskenderun's Mystic Bla  Conj/Tloc      0%         2d3       100%        4
 Summon Ice Beast         Ice/Summ       0%         N/A       100%        4
 Blade Hands              Tmut           0%         N/A       100%        5
 Excruciating Wounds      Necr           0%         N/A       100%        5
 Manifold Assault         Tloc           0%         N/A       100%        5
 Summon Mana Viper        Hex/Summ       0%         N/A       100%        5
 Starburst                Conj/Fire      0%         6d3       100%        6
 Monstrous Menagerie      Summ           0%         N/A       100%        7
 Ozocubu's Refrigeration  Ice            0%         4d5       100%        7


Dungeon Overview and Level Annotations

Branches:
Dungeon (13/15)            Temple (1/1) D:6            Lair (0/6) D:8
    Orc (2/2) D:12
    Elf: Orc:2       Vaults: D:13-14

Altars:
Ashenzari
Cheibriados
Dithmenos
Elyvilon
Fedhas
Gozag
Hepliaklqana
Kikubaaqudgha
Makhleb
Nemelex Xobeh
Okawaru
Qazlal
Ru
Sif Muna
Trog
Uskayaw
Vehumet
Wu Jian
Xom
Yredelemnul
Zin
The Shining One
Beogh

Shops:
D:8 *   D:12 (

Annotations:
Orc:1 Donald
Orc:2 Erolcha


Innate Abilities, Weirdness & Mutations

Your life essence is reduced to manifest your ancestor. (-10% HP)
You have a pair of horns on your head.
You reflexively headbutt those who attack you in melee.


Message History

Donald burns you.
Yayatum casts a spell at Donald.
Donald blocks the puff of frost.
Donald hits you with a +5 long sword of flaming!
Donald burns you.
You fly upwards.
There is a stone staircase leading down here.
Donald blocks your attack. x2
Donald is heavily wounded.
Donald hits you with a +5 long sword of flaming!!
Donald burns you.
You hit Donald.
Your weapon exudes an aura of protection.
You headbutt Donald, but do no damage.
Donald is heavily wounded.
Donald hits you but does no damage. Donald blocks your attack.
Donald is heavily wounded.
Donald hits you with a +5 long sword of flaming!!
* * * LOW HITPOINT WARNING * * *
Donald burns you.
* * * LOW HITPOINT WARNING * * *
Donald hits you but does no damage.
Donald says, "I went to a family reunion once.
I hated it."
Donald closely misses you.
You fade into invisibility!
Donald hits you but does no damage. Donald closely misses you.
Donald says, "Would you happen to remember where the Orb is?"
Donald hits you but does no damage.
Donald says, "Maybe I'll visit Hell next."
Donald says, "Ghost stories?
Ooh, I'm so scared!"
Donald hits you but does no damage.
Donald says, "I wonder if there's an end to this place."
Donald hits you with a +5 long sword of flaming!
* * * LOW HITPOINT WARNING * * *
Donald burns you.
* * * LOW HITPOINT WARNING * * *
Donald hits you with a +5 long sword of flaming!!
You die...

#...# #.......#....#....
##.####### ##.#..............
##.#.#...## ####.#...........
#..)......## ##.#............
##.#.>.....# #...............
###)#.#.##.####.........>.....
##...........##...........##... #
#....#........#@..........[....
####............@...........[....
.#.........................[[....
.∩.....#.....>...............)...
......[.)........................
..#...).)[.......................
.......).....#...#...#.##........
..#....).............#####.......
..........#...........# ##..#..#.
#.#......#.......#...## #.......#


You could see Donald (fast, strong).

Vanquished Creatures
  A hydra (D:11)
  2 boulder beetles
  3 two-headed ogres
  Pikel (D:4)
  A manticore (D:9)
  A komodo dragon (D:12)
  7 trolls
  A shadow (D:11)
  A wraith (D:12)
  Sigmund (D:4)
  17 yaks
  A vampire (D:9)
  A wyvern (D:10)
  Menkaure (D:4)
  2 wargs (Orc:1)
  Edmund (D:4)
  3 acid dragons
  3 water moccasins
  2 black bears
  6 orc warriors
  A hornet zombie (D:7)
  A necrophage (D:6)
  2 ice beasts
  5 ogres
  A centaur (D:9)
  3 lemures (D:4)
  2 phantoms
  A kobold brigand (D:6)
  2 wyvern zombies
  2 bullfrogs
  A water moccasin zombie (D:6)
  7 killer bees (D:8)
  2 wights (D:8)
  An electric eel (D:6)
  11 orc priests
  3 centaur zombies
  4 hounds
  Crazy Yiuf (D:2)
  Jessica (D:2)
  A centaur skeleton (D:7)
  2 iguanas (D:5)
  15 orc wizards
  2 hound skeletons
  Robin (D:4)
  4 gnolls
  8 adders
  2 white imps
  A worm (D:3)
  A dart slug (D:4)
  34 orcs
  3 ball pythons
  7 endoplasms
  2 giant cockroaches
  16 goblins
  12 hobgoblins
  12 jackals
  4 quokkas
  4 bats
  2 frilled lizards
  13 kobolds
  5 rats
258 creatures vanquished.

Vanquished Creatures (collateral kills)
  A deep elf pyromancer (D:12)
  An orc sorcerer (Orc:1)
  Psyche (D:8)
  A komodo dragon (D:12)
  2 trolls
  2 yaks
  A warg (Orc:2)
  A water moccasin (D:8)
  4 orc warriors (Orc:1)
  An ogre (Orc:1)
  A kobold brigand (D:10)
  A scorpion (D:7)
  5 killer bees (D:8)
  5 orc priests
  A jelly (D:7)
  5 orc wizards
  A white imp (D:7)
  11 orcs
  2 kobolds (D:10)
47 creatures vanquished.

Vanquished Creatures (others)
  8 battlemagi
  An orc (D:12)
  3 fungi (D:6)
  9 plants
21 creatures vanquished.

Grand Total: 326 creatures vanquished

Notes
Turn   | Place    | Note
-------+----------+-------------------------------------------
     0 | D:1      | issech the Minotaur Monk began the quest for the Orb.
     0 | D:1      | Reached XP level 1. HP: 19/19 MP: 0/0
   486 | D:1      | Reached XP level 2. HP: 27/27 MP: 1/1
   703 | D:1      | Found a faded altar of an unknown god.
  1393 | D:2      | Reached XP level 3. HP: 24/33 MP: 2/2
  1597 | D:2      | Noticed Jessica
  1611 | D:2      | Killed Jessica
  1706 | D:1      | Reached XP level 4. HP: 12/40 MP: 3/3
  2086 | D:2      | Reached skill level 5 in Axes
  2594 | D:2      | Found a runed translucent door.
  2596 | D:2      | Noticed Crazy Yiuf
  2609 | D:2      | Killed Crazy Yiuf
  2610 | D:2      | Reached skill level 1 in Armour
  2610 | D:2      | Reached XP level 5. HP: 37/47 MP: 0/4
  3842 | D:4      | Reached skill level 1 in Maces & Flails
  3907 | D:4      | Noticed a black bear
  3921 | D:4      | Killed a black bear
  3922 | D:4      | Reached skill level 2 in Maces & Flails
  3922 | D:4      | Reached XP level 6. HP: 55/55 MP: 5/5
  4019 | D:4      | Noticed Pikel
  4030 | D:4      | Killed Pikel
  4031 | D:4      | Reached skill level 5 in Fighting
  4031 | D:4      | Reached skill level 5 in Maces & Flails
  4031 | D:4      | Reached XP level 7. HP: 48/61 MP: 6/6
  4096 | D:4      | Noticed Menkaure
  4199 | D:4      | Killed Menkaure
  4255 | D:4      | Noticed Robin
  4303 | D:4      | Killed Robin
  4406 | D:4      | Reached skill level 6 in Maces & Flails
  4406 | D:4      | Reached XP level 8. HP: 61/70 MP: 7/7
  4755 | D:4      | Noticed Sigmund
  4764 | D:4      | Killed Sigmund
  4765 | D:4      | Reached skill level 7 in Maces & Flails
  4765 | D:4      | Reached skill level 5 in Armour
  4837 | D:4      | Noticed Edmund
  4854 | D:4      | Killed Edmund
  5184 | D:5      | Entered Level 5 of the Dungeon
  5303 | D:5      | Reached skill level 8 in Maces & Flails
  6402 | D:6      | Reached skill level 1 in Throwing
  6402 | D:6      | Reached XP level 9. HP: 78/79 MP: 8/8
  6507 | D:6      | Found a basalt altar of Yredelemnul.
  6529 | D:6      | Found a white marble altar of Elyvilon.
  6685 | D:6      | Reached skill level 9 in Maces & Flails
  6774 | D:6      | Found a staircase to the Ecumenical Temple.
  6822 | Temple   | Entered the Ecumenical Temple
  6895 | Temple   | Became a worshipper of Hepliaklqana the Forgotten
  6895 | Temple   | Reached * piety under Hepliaklqana
  6895 | Temple   | Reached ** piety under Hepliaklqana
  6896 | Temple   | Remembered your ancestor Yayatum as a battlemage
  7039 | D:6      | Found a burning altar of Makhleb.
  7104 | D:6      | Reached skill level 10 in Maces & Flails
  7294 | D:6      | Found a blossoming altar of Fedhas.
  7441 | D:6      | Found a sacrificial altar of Ru.
  7788 | D:7      | Reached skill level 11 in Maces & Flails
  8284 | D:7      | Reached XP level 10. HP: 79/79 MP: 9/9
  8724 | D:8      | Found a staircase to the Lair.
  8735 | D:8      | Found Orphasym's Assorted Antiques.
  8814 | D:8      | Found a stormy altar of Qazlal.
  8960 | D:8      | Found a hide-covered altar of Uskayaw.
  8998 | D:8      | Noticed Psyche
  9002 | D:8      | Killed Psyche
  9003 | D:8      | Reached skill level 12 in Maces & Flails
  9394 | D:9      | Reached skill level 10 in Armour
  9510 | D:9      | Reached *** piety under Hepliaklqana
  9841 | D:9      | Noticed a manticore
 10053 | D:9      | Killed a manticore
 10097 | D:10     | Entered Level 10 of the Dungeon
 10101 | D:10     | Identified the +1 leather armour of Farph {rC++ Str-2
                  | Dex+3}
 10271 | D:10     | Noticed a two-headed ogre
 10272 | D:10     | Reached XP level 11. HP: 87/87 MP: 10/10
 10277 | D:10     | Killed a two-headed ogre
 10278 | D:10     | Reached skill level 13 in Maces & Flails
 10954 | D:11     | Noticed a boulder beetle
 11007 | D:11     | Killed a boulder beetle
 11165 | D:11     | Noticed a six-headed hydra
 11171 | D:11     | Noticed a two-headed ogre
 11174 | D:11     | Killed a six-headed hydra
 11177 | D:11     | Killed a two-headed ogre
 11178 | D:11     | Reached skill level 5 in Throwing
 11315 | D:11     | Reached **** piety under Hepliaklqana
 11321 | D:11     | Reached skill level 10 in Fighting
 11574 | D:11     | Found a sparkling altar of Nemelex Xobeh.
 11887 | D:12     | Found a staircase to the Orcish Mines.
 11888 | D:12     | Noticed a deep elf pyromancer
 11889 | D:12     | Found Ukhoontu's Weapon Emporium.
 11974 | D:12     | Killed a deep elf pyromancer
 11975 | D:12     | Reached skill level 14 in Maces & Flails
 12470 | D:12     | Noticed a two-headed ogre
 12477 | D:12     | Killed a two-headed ogre
 12478 | D:12     | Reached XP level 12. HP: 83/97 MP: 11/11
 12756 | D:12     | Noticed a boulder beetle
 12784 | D:12     | Killed a boulder beetle
 13025 | D:13     | Noticed a rakshasa
 13073 | Orc:1    | Entered Level 1 of the Orcish Mines
 13204 | Orc:1    | Paralysed by an orc sorcerer for 6 turns
 13981 | Orc:2    | Entered Level 2 of the Orcish Mines
 13983 | Orc:2    | Noticed Donald
 13992 | Orc:2    | Noticed Erolcha
 14010 | Orc:1    | Demolished by Donald

Illustrated notes

Levels and vault maps discovered:
D:1:      dpeg_arrival_ternary, layout_loops_corners,
          dreamdust_ecumenical_altar_statues
D:2:      layout_basic, grunt_ministairs_12, uniq_crazy_yiuf_cottage,
          uniq_jessica
D:3:      layout_loops_corners, kennysheep_generic_room_7
D:4:      layout_loops_corners, supply_closet_lemuel, uniq_menkaure,
          uniq_edmund, uniq_robin, uniq_sigmund, uniq_pikel
D:5:      layout_layer_cave, kennysheep_big_empty_room
D:6:      hellmonk_warped_wall, layout_loops_ring, mainiacjoe_overflow_alcove_4,
          kennysheep_little_box, makhleb_blood_cavern_becter,
          mainiacjoe_overflow_catwalk, nicolae_ru_the_path_less_chosen,
          minmay_temple_entry_glassed_door, kennysheep_small_circle
D:7:      minmay_angry_zag, layout_loops_ring, serial_bayou_crossing
D:8:      layout_loops_ring, kennysheep_mini_moat,
          mainiacjoe_overflow_cross_hatched, lair_entry_dummy, serial_shops,
          nicolae_shop_window_shopping, minmay_statues_item, uniq_psyche
D:9:      layout_roguey
D:10:     layout_big_octagon, minmay_tree_intersection, minivault_16,
          david_defended_altar_orc
D:11:     layout_cave_pools, nemelex_diamond_rough_becter
D:12:     layout_basic, orc_david_3
D:13:     layout_long_grid, erik_vaults_2, serial_shops, nicolae_shop_trees,
          mumra_transporter_accident, uniq_josephine, uniq_snorg, uniq_nessos
Temple:   regret_index_temple_waves
Orc:1:    layout_caves, abandoned_shop, nicolae_orc_stony_grotto,
          nicolae_orc_rich_vein
Orc:2:    grunt_orc_cross, layout_caves, serial_shops, shop_statue, shop, shop,
          nicolae_shop_self_help, uniq_erolcha, uniq_saint_roka, uniq_donald,
          uniq_urug

Skill      XL: |  1  2  3  4  5  6  7  8  9 10 11 12 |
---------------+-------------------------------------+-----
Axes           | 4 5 |  5.5
Fighting       | 4 5 6 7 8 9 10 11 | 11.1
Dodging        | 4 |  4.9
Stealth        | 2 3 |  3.5
Armour         | 1 2 4 6 8 10 12 | 12.9
Maces & Flails | 2 5 6 8 11 12 14 | 14.4
Throwing       | 1 2 5 |  5.7

Action                   |  1- 3 |  4- 6 |  7- 9 | 10-12 || total
-------------------------+-------+-------+-------+-------++-------
Melee: Hand axe          |    53 |    21 |       |       ||    74
       Headbutt          |     5 |    22 |    60 |    76 ||   163
       Punch             |     1 |     1 |     6 |     8 ||    16
       Mace              |       |    89 |    88 |       ||   177
       Flail             |       |       |   235 |   329 ||   564
Throw: Stone             |       |     7 |    15 |     6 ||    28
       Boomerang         |       |       |       |    67 ||    67
Invok: Ancestor Life: Ba |       |       |     1 |       ||     1
  Use: Scroll            |       |       |     2 |    13 ||    15
       Potion            |       |       |       |     7 ||     7
 Stab: Sleeping          |     1 |     2 |       |       ||     3
       Distracted        |       |       |       |     4 ||     4
Armor: Robe              |     8 |     3 |       |       ||    11
       Leather armour    |     6 |       |       |       ||     6
       Chain mail        |       |    54 |   149 |       ||   203
       Plate armour      |       |       |     3 |   245 ||   248
Dodge: Dodged            |    46 |    68 |   119 |   132 ||   365
